 Dungeon Crawl Stone Soup version 0.28.0-43-g3370ac3207 (webtiles) character file.

Game seed: 3989056446515351558

2973 DoubleLucky the Arsonist (level 9, 0/79 HPs)
             Began as a Red Draconian Fire Elementalist on Mar 27, 2022.
             Was an Initiate of Vehumet.
             Slain by an orc warrior
             ... wielding a +0 short sword
              (2 damage)
             ... on level 7 of the Dungeon.
             The game lasted 00:21:34 (9645 turns).

DoubleLucky the Arsonist (DrFE)                     Turns: 9645, Time: 00:21:35

Health: 0/79       AC:  9    Str: 16    XL:     9   Next: 53%
Magic:  7/27       EV:  7    Int: 19    God:    Vehumet [......]
Gold:   255        SH:  0    Dex: 12    Spells: 17/20 levels left

rFire   + + .      SeeInvis .   q - +1 dagger (venom)
rCold   . . .      Faith    .   (no shield)
rNeg    + . .      Spirit   .   (armour unavailable)
rPois   .          Reflect  .   (helmet restricted)
rElec   .          Harm     .   g - +0 cloak
rCorr   +          Rampage  .   (no gloves)
Will    +....                   l - +0 pair of boots "Ceonitil" {rN+ Str+2}
Stlth   ++........              (no amulet)
HPRegen 0.23/turn               u - ring "Arumuepn" {rF+ Will+ rCorr MP+9 Str+3}
MPRegen 0.20/turn               (no ring)

@: held
A: breathe fire, AC +7, unfitting armour, fire resistance 1, cold-blooded
a: Breathe Fire, Renounce Religion


You were on level 7 of the Dungeon.
You worshipped Vehumet.
Vehumet was noncommittal.
You visited 1 branch of the dungeon, and saw 7 of its levels.

You collected 483 gold pieces.
You spent 228 gold pieces at shops.

Inventory:

Hand Weapons
 q - a +1 dagger of venom (weapon)
Missiles
 j - 7 poisoned darts
Armour
 g - a +0 cloak (worn)
 l - the +0 pair of boots "Ceonitil" (worn) {rN+ Str+2}
   (You bought it in a shop on level 6 of the Dungeon)

   Str:       It affects your strength (+2).
   rN:        It protects you from negative energy.
Jewellery
 k - an amulet of guardian spirit
 o - a +4 ring of protection
 u - the ring "Arumuepn" (left hand) {rF+ Will+ rCorr MP+9 Str+3}
   (You found it on level 5 of the Dungeon)

   [ring of willpower]

   Str:       It affects your strength (+3).
   rF:        It protects you from fire.
   MP:        It affects your magic capacity (+9).
   rCorr:     It protects you from acid and corrosion.
   Will:      It increases your willpower.
Wands
 m - a wand of charming (10)
 s - a wand of flame (13)
Scrolls
 a - a scroll of brand weapon
 b - a scroll of immolation
 f - 2 scrolls of teleportation
 h - a scroll of holy word
 i - 3 scrolls of fog {unknown}
 n - a scroll of enchant weapon {unknown}
 w - a scroll of torment {unknown}
Potions
 c - a potion of heal wounds
 d - 2 potions of curing
 e - a potion of ambrosia {unknown}
 p - a potion of mutation {unknown}
 t - a potion of cancellation {unknown}
 v - a potion of might {unknown}


   Skills:
 + Level 7.1 Fighting
 + Level 3.0 Short Blades
 + Level 5.4 Dodging
 - Level 1.7 Stealth
 + Level 6.4 Spellcasting
 - Level 1.0 Conjurations
 + Level 8.8 Fire Magic


You had 17 spell levels left.
You knew the following spells:

 Your Spells              Type           Power      Damage    Failure   Level
a - Foxfire               Conj/Fire      96%        2x1d8     1%          1
b - Scorch                Fire           78%        2d9       1%          2

Your spell library contained the following spells:

 Spells                   Type           Power      Damage    Failure   Level
 Conjure Flame            Conj/Fire      24%        6-21      4%          3
 Inner Flame              Hex/Fire       22%        N/A       5%          3
 Ignite Poison            Fire/Tmut/Pois 17%        N/A       10%         3
 Flame Wave               Conj/Fire      24%        2d7       14%         4
 Mephitic Cloud           Conj/Pois/Air  7%         N/A       28%         3
 Hailstorm                Conj/Ice       8%         3d4       65%         4
 Ice Form                 Ice/Tmut       6%         N/A       71%         4
 Freezing Cloud           Conj/Ice/Air   3%         6-21      95%         5
 Simulacrum               Ice/Necr       3%         N/A       100%        6


Dungeon Overview and Level Annotations

Branches:
Dungeon (7/15)
 Temple: D:4-7

Altars:
Fedhas
Gozag
Nemelex Xobeh
Uskayaw
Vehumet

Shops:
D:6 [

Annotations:
D:7 Harold


Innate Abilities, Weirdness & Mutations

You can breathe blasts of fire.
Your fiery red scales are hard. (AC +7)
You cannot fit into any form of body armour.
Your flesh is heat resistant. (rF+)
You are cold-blooded and may be slowed by cold attacks.


Message History

Harold drinks a potion.
Harold is healed!
The orc warrior closely misses you.
Casting: Scorch (safe; 1% risk of failure)
Confirm with . or Enter, or press ? or * to list all spells.
Flames lash the orc warrior.
The orc warrior is heavily wounded.
The orc warrior's fire resistance burns away.
The orc warrior barely misses you.
Casting: Scorch (safe; 1% risk of failure)
Confirm with . or Enter, or press ? or * to list all spells.
Flames lash the orc warrior but do no damage.
The orc warrior hits you but does no damage.
Casting: Scorch (safe; 1% risk of failure)
Confirm with . or Enter, or press ? or * to list all spells.
Flames lash Harold.
Harold is burned terribly!
Harold is heavily wounded.
Harold closely misses you.
The orc warrior hits you with a +0 short sword!
Casting: Scorch (safe; 1% risk of failure)
Confirm with . or Enter, or press ? or * to list all spells.
Flames lash Harold but do no damage.
The orc warrior is no longer more vulnerable to fire.
Harold hits you with a +0 scimitar!
The orc warrior hits you with a +0 short sword!
Casting: Scorch (safe; 1% risk of failure)
Confirm with . or Enter, or press ? or * to list all spells.
Flames lash the orc warrior.
The orc warrior is severely wounded.
The orc warrior's fire resistance burns away.
Harold hits you with a +0 scimitar!
The orc warrior hits you with a +0 short sword!
You struggle against the net.
Harold hits you but does no damage.
The orc warrior hits you with a +0 short sword.
* * * LOW HITPOINT WARNING * * *
You struggle against the net.
Harold hits you with a +0 scimitar!
* * * LOW HITPOINT WARNING * * *
The orc warrior completely misses you.
You tear a large gash into the net.
Harold hits you with a +0 scimitar!
* * * LOW HITPOINT WARNING * * *
The orc warrior hits you with a +0 short sword.
You die...

#.###..... #.........
#......... #.....)...
#......... ..#
#...)..... ..#
#.o@...... #+##.#
#.@....... .....#
#.........
.....##########..#####..
.................#
............######
.[[[.[......#
............#
########....# #..|.#


You could see Harold (combustible) and an orc warrior (combustible).

Vanquished Creatures
  Prince Ribbit (D:6)
  Sigmund (D:5)
  2 water moccasins
  Duvessa (D:5)
  An orc warrior (D:4)
  2 sky beasts
  A black bear (D:5)
  2 ice beasts
  A necrophage (D:5)
  3 ogres
  A kobold brigand (D:3)
  3 bullfrogs (D:6)
  A scorpion (D:4)
  A water moccasin zombie (D:6)
  Dowan (D:5)
  2 water moccasin skeletons
  5 wights (D:7)
  2 orc priests
  4 hounds
  A centaur skeleton (D:5)
  A bullfrog skeleton (D:3)
  3 iguanas
  Ijyb (D:5)
  An orc wizard (D:7)
  A howler monkey zombie (D:6)
  13 gnolls (D:3)
  7 adders
  An adder skeleton (D:5)
  3 worms
  16 orcs
  6 ball pythons
  6 endoplasms
  2 giant cockroaches (D:3)
  7 goblins
  8 hobgoblins
  4 jackals (D:2)
  43 kobolds
  A quokka (D:4)
  2 bats
  2 frilled lizards
  6 rats
170 creatures vanquished.

Vanquished Creatures (others)
  517 foxfires
517 creatures vanquished.

Grand Total: 687 creatures vanquished

Notes
Turn   | Place    | Note
-------+----------+-------------------------------------------
     0 | D:1      | DoubleLucky the Draconian Fire Elementalist began the quest
                  | for the Orb.
     0 | D:1      | Reached XP level 1. HP: 14/14 MP: 3/3
   393 | D:1      | Reached XP level 2. HP: 22/22 MP: 0/5
   564 | D:1      | Reached skill level 1 in Fighting
   822 | D:1      | Found a faded altar of an unknown god.
  1163 | D:2      | Learned a level 2 spell: Scorch
  1553 | D:2      | Reached XP level 3. HP: 29/29 MP: 0/6
  2688 | D:3      | Reached XP level 4. HP: 36/36 MP: 4/8
  2725 | D:3      | Noticed a +0 dagger
  2725 | D:3      | Noticed a +0 dagger
  2727 | D:3      | Found a hide-covered altar of Uskayaw.
  2889 | D:3      | Found a sparkling altar of Nemelex Xobeh.
  3094 | D:3      | Noticed a sky beast
  3183 | D:3      | Reached skill level 4 in Fire Magic
  3510 | D:3      | Reached XP level 5. HP: 44/44 MP: 3/9
  4039 | D:3      | Reached XP level 6. HP: 34/51 MP: 1/11
  4234 | D:3      | Killed a sky beast
  5489 | D:4      | Noticed an orc warrior
  5491 | D:4      | Reached skill level 5 in Fire Magic
  5909 | D:4      | Found an opulent altar of Gozag.
  5934 | D:4      | Your scales start taking on a fiery red colour.
  5934 | D:4      | Reached skill level 6 in Fire Magic
  5934 | D:4      | Reached XP level 7. HP: 59/59 MP: 5/13
  5934 | D:4      | Gained mutation: Your flesh is heat resistant. (rF+) [Red
                  | Draconian growth]
  6170 | D:4      | Identified the +2 mace of Iqed {flame, rElec rF+ rCorr
                  | Stlth+}
  6348 | D:4      | Found a blossoming altar of Fedhas.
  6611 | D:5      | Entered Level 5 of the Dungeon
  6614 | D:5      | Noticed Dowan
  6620 | D:5      | Noticed Duvessa
  6622 | D:5      | Killed Dowan
  6787 | D:5      | Noticed Ijyb
  6793 | D:5      | Killed Ijyb
  6945 | D:5      | Reached skill level 5 in Fighting
  7028 | D:5      | Reached skill level 7 in Fire Magic
  7028 | D:5      | Reached XP level 8. HP: 68/68 MP: 9/15
  7164 | D:5      | Reached skill level 5 in Spellcasting
  7345 | D:5      | Killed Duvessa
  7667 | D:5      | Identified the ring "Arumuepn" {rF+ Will+ rCorr MP+9 Str+3}
  7796 | D:5      | Noticed Sigmund
  7819 | D:5      | Killed Sigmund
  8315 | D:6      | Noticed Prince Ribbit
  8332 | D:6      | Reached skill level 8 in Fire Magic
  8347 | D:6      | Killed Prince Ribbit
  8348 | D:6      | Reached skill level 1 in Short Blades
  8348 | D:6      | Reached XP level 9. HP: 66/78 MP: 11/17
  8547 | D:6      | Found a radiant altar of Vehumet.
  8556 | D:6      | Became a worshipper of Vehumet
  8749 | D:6      | Reached skill level 5 in Dodging
  8859 | D:6      | Found Yjangud's Antique Armour Shoppe.
  8878 | D:6      | Bought a pair of fading boots for 228 gold pieces
  8878 | D:6      | Identified the +0 pair of boots "Ceonitil" {rN+ Str+2} (You
                  | bought it in a shop on level 6 of the Dungeon)
  9630 | D:7      | Noticed Harold
  9645 | D:7      | HP: 2/79 [Harold/+0 scimitar (13)]
  9645 | D:7      | Slain by an orc warrior

Illustrated notes

Levels and vault maps discovered:
D:1:      nzn_arrival_crosshair, layout_basic,
          shapermc_ecumenical_altar_flowoftime
D:2:      layout_basic
D:3:      minmay_goblin_kobold_castle, layout_basic, nemelex_dance_club_becter,
          dancing_weapons_uskayaw, hangedman_abyss_or_decor_stabs,
          chequers_serial_rivers_micro_a
D:4:      layout_loops_ring, grunt_gozag_statues, mainiacjoe_overflow_alcove_2
D:5:      black_bear_nest_1, layout_gridville, uniq_sigmund, uniq_ijyb,
          uniq_duvessa
D:6:      layout_loops_ring, nicolae_vehumet_altar_sigil, serial_shops,
          shop_coins, uniq_prince_ribbit1
D:7:      lemuel_slime, layout_basic, general_overflow_altar,
          minmay_temple_entry_tees, minivault_5, uniq_harold

Skill      XL: |  1  2  3  4  5  6  7  8  9 |
---------------+----------------------------+-----
Fighting       | 1 2 3 4 5 6 7 |  7.1
Spellcasting   | 3 4 5 6 |  6.4
Fire Magic     | 4 6 7 8 |  8.8
Dodging        | 2 3 4 5 |  5.4
Short Blades   | 1 3 |  3.0
Stealth        | |  1.7
Conjurations   | |  1.0

Action                   |  1- 3 |  4- 6 |  7- 9 || total
-------------------------+-------+-------+-------++-------
Melee: Spear             |    63 |    46 |       ||   109
       Tailslap          |     3 |     2 |    11 ||    16
       Punch             |       |     1 |       ||     1
       Dagger            |       |    13 |    57 ||    70
 Cast: Foxfire           |    37 |   128 |   146 ||   311
       Scorch            |       |    33 |    56 ||    89
 Abil: Breathe Fire      |       |       |     1 ||     1
  Use: Scroll            |       |     1 |     6 ||     7
 Stab: Sleeping          |     3 |     1 |       ||     4
Armor: Skin              |    20 |    33 |    23 ||    76
Dodge: Dodged            |    28 |    83 |    58 ||   169
